| TOP OF THE 1ST |
|
Boston Red Sox batting - Pitching for Chicago White Sox : LHP Stacy Hootentootin
|
|
Pitching: LHP Stacy Hootentootin
|
|
|
Batting: RHB Alois Wollf
|
0-0: Called Strike 0-1: Foul Ball, location: 2F 0-2: Ground out 5-3 (Groundball, 56S, EV 65.0 MPH)
|
|
Batting: LHB Kevin McCormic Jr.
|
0-0: Ball 1-0: Swinging Strike 1-1: Ball 2-1: Foul Ball, location: 2F 2-2: Strikes out looking
|
|
Batting: RHB David Price Jr.
|
0-0: Ball 1-0: Ball 2-0: Called Strike 2-1: Foul Ball, location: 2F 2-2: Foul Ball, location: 5F, Error on foul ball, E5 2-2: Fly out, F7 (Flyball, 7S, EV 88.8 MPH)
|
| Top of the 1st over - 0 runs, 0 hits, 1 error, 0 left on base; Boston 0 - Chicago 0 |
| BOTTOM OF THE 1ST |
|
Chicago White Sox batting - Pitching for Boston Red Sox : RHP Justin Whitesack
|
|
Pitching: RHP Justin Whitesack
|
|
|
Batting: SHB Bartholomeu Chambino
|
0-0: SINGLE (Groundball, 4M, EV 109.4 MPH) (infield hit)
|
|
Batting: SHB Alfie Bungledorf
|
0-0: Ball 1-0: Ball 2-0: Foul Ball, location: 2F 2-1: Called Strike 2-2: Strikes out swinging
|
|
Batting: LHB Randy Rosenberry
|
0-0: Ball 1-0: Ball 2-0: Ball 3-0: Called Strike 3-1: Grounds into double play, 4-6-3 (Groundball, 3, EV 88.1 MPH)
|
| Bottom of the 1st over - 0 runs, 1 hit, 0 errors, 0 left on base; Boston 0 - Chicago 0 |
| TOP OF THE 2ND |
|
Boston Red Sox batting - Pitching for Chicago White Sox : LHP Stacy Hootentootin
|
|
Batting: RHB Josh Froyd
|
0-0: Called Strike 0-1: Called Strike 0-2: Foul Ball, location: 2F 0-2: Foul Ball, location: 2F 0-2: Foul Ball, location: 2F 0-2: Ball 1-2: SINGLE (Line Drive, 34D, EV 96.2 MPH)
|
|
Batting: SHB Marvin Lawrence
|
0-0: Called Strike 0-1: Ball 1-1: Swinging Strike 1-2: Ball 2-2: Strikes out looking
|
|
Batting: RHB Jose Diaz
|
0-0: Ball 1-0: Foul Ball, location: 2F 1-1: Fielders Choice at 2nd, 6-4 (Groundball, 6MD, EV 86.2 MPH)
|
|
Batting: RHB Roberto Morales
|
0-0: Called Strike 0-1: Foul Ball, location: 2F 0-2: Ball 1-2: Ball 2-2: Strikes out swinging
|
| Top of the 2nd over - 0 runs, 1 hit, 0 errors, 1 left on base; Boston 0 - Chicago 0 |
| BOTTOM OF THE 2ND |
|
Chicago White Sox batting - Pitching for Boston Red Sox : RHP Justin Whitesack
|
|
Batting: SHB Gus Berry
|
0-0: Foul Ball, location: 2F 0-1: Fly out, F9 (Flyball, 89M, EV 91.9 MPH)
|
|
Batting: LHB Angel Tellez
|
0-0: Swinging Strike 0-1: Ball 1-1: Ball 2-1: Swinging Strike 2-2: Strikes out swinging
|
|
Batting: RHB Dietmar Warmisch
|
0-0: Called Strike 0-1: Ball 1-1: Called Strike 1-2: Ball 2-2: Ball 3-2: Foul Ball, location: 2F 3-2: Strikes out looking
|
| Bottom of the 2nd over - 0 runs, 0 hits, 0 errors, 0 left on base; Boston 0 - Chicago 0 |
| TOP OF THE 3RD |
|
Boston Red Sox batting - Pitching for Chicago White Sox : LHP Stacy Hootentootin
|
|
Batting: LHB Shoichi Aso
|
0-0: Foul Ball, location: 2F 0-1: Foul Ball, location: 2F 0-2: Ball 1-2: Ball 2-2: Strikes out swinging
|
|
Batting: SHB Greg Shaw
|
0-0: Called Strike 0-1: Ball 1-1: Swinging Strike 1-2: Ball 2-2: Ball 3-2: Foul Ball, location: 2F 3-2: SINGLE (Flyball, 8RS, EV 95.6 MPH)
|
|
Batting: RHB Alois Wollf
|
0-0: Ball 1-0: Called Strike 1-1: Called Strike Greg Shaw steals 2nd base 1-2: Foul Ball, location: 2F 1-2: TRIPLE (Flyball, 8RXD, EV 94.4 MPH) Greg Shaw scores
|
|
Batting: LHB Kevin McCormic Jr.
|
0-0: Ball 1-0: Foul Ball, location: 2F 1-1: Ball 2-1: Swinging Strike 2-2: Ball 3-2: Strikes out swinging
|
|
Batting: RHB David Price Jr.
|
0-0: Ball 1-0: Ball 2-0: SINGLE (Groundball, 56S, EV 63.8 MPH) (infield hit) Alois Wollf scores
|
|
Batting: RHB Josh Froyd
|
0-0: Ball 1-0: SINGLE (Line Drive, 78S, EV 111.2 MPH) David Price Jr. to second Runner from 2nd tries for 3rd, SAFE, throw by CF made to third
|
|
Batting: SHB Marvin Lawrence
|
0-0: Ball 1-0: Ball 2-0: Called Strike 2-1: Swinging Strike 2-2: Ball 3-2: Strikes out looking
|
| Top of the 3rd over - 2 runs, 4 hits, 0 errors, 2 left on base; Boston 2 - Chicago 0 |
| BOTTOM OF THE 3RD |
|
Chicago White Sox batting - Pitching for Boston Red Sox : RHP Justin Whitesack
|
|
Batting: LHB Sidney Pedder
|
0-0: Ball 1-0: Ball 2-0: Ball 3-0: Called Strike 3-1: Base on Balls
|
|
Batting: RHB Brad Boals
|
0-0: Called Strike 0-1: Called Strike 0-2: Ball 1-2: Ball 2-2: Ball 3-2: Base on Balls Sidney Pedder to second
|
|
Batting: RHB Jon Solano
|
0-0: Called Strike 0-1: Ball 1-1: Ball 2-1: Ball 3-1: Foul Ball, location: 2F 3-2: Strikes out swinging
|
|
Batting: SHB Bartholomeu Chambino
|
0-0: Ball 1-0: Foul Ball, location: 2F 1-1: Ball 2-1: Ball 3-1: Base on Balls Sidney Pedder to third Brad Boals to second
|
|
Batting: SHB Alfie Bungledorf
|
0-0: Ball 1-0: Ball 2-0: Ball 3-0: Called Strike 3-1: Called Strike 3-2: Strikes out swinging
|
|
Batting: LHB Randy Rosenberry
|
0-0: Foul Ball, location: 2F 0-1: Ball 1-1: Ball 2-1: Ball 3-1: Base on Balls Sidney Pedder scores Brad Boals to third Bartholomeu Chambino to second
|
|
Batting: SHB Gus Berry
|
0-0: Called Strike 0-1: Swinging Strike 0-2: Strikes out swinging
|
| Bottom of the 3rd over - 1 run, 0 hits, 0 errors, 3 left on base; Boston 2 - Chicago 1 |
| TOP OF THE 4TH |
|
Boston Red Sox batting - Pitching for Chicago White Sox : LHP Stacy Hootentootin
|
|
Batting: RHB Jose Diaz
|
0-0: Foul Ball, location: 2F 0-1: Ball 1-1: Ball 2-1: Ball 3-1: Foul Ball, location: 2F 3-2: Strikes out swinging
|
|
Batting: RHB Roberto Morales
|
0-0: Ball 1-0: Ball 2-0: Ball 3-0: Called Strike 3-1: Base on Balls
|
|
Batting: LHB Shoichi Aso
|
0-0: Called Strike 0-1: Ball 1-1: Ball 2-1: Called Strike 2-2: Foul Ball, location: 2F 2-2: Ball 3-2: Foul Ball, location: 2F 3-2: Base on Balls Roberto Morales to second
|
|
Batting: SHB Greg Shaw
|
0-0: Ball 1-0: Foul Ball, location: 2F 1-1: Ball 2-1: Foul Ball, location: 2F 2-2: Ball 3-2: Foul Ball, location: 2F 3-2: Strikes out swinging
|
|
Batting: RHB Alois Wollf
|
0-0: Foul Ball, location: 2F 0-1: Ball 1-1: Ball 2-1: Called Strike 2-2: Ball 3-2: Foul Ball, location: 2F 3-2: Foul Ball, location: 2F 3-2: Base on Balls Roberto Morales to third Shoichi Aso to second
|
|
Batting: LHB Kevin McCormic Jr.
|
0-0: Called Strike 0-1: Ball 1-1: Ball 2-1: Foul Ball, location: 2F 2-2: SINGLE (Groundball, 4MD, EV 104.4 MPH) Roberto Morales scores Shoichi Aso to third Alois Wollf to second Runner from 3rd tries for Home, SAFE, throw by CF to home
|
|
Batting: RHB David Price Jr.
|
0-0: Called Strike 0-1: Fielders Choice at 2nd, 5-4 (Groundball, 56, EV 110.6 MPH)
|
| Top of the 4th over - 2 runs, 1 hit, 0 errors, 2 left on base; Boston 4 - Chicago 1 |
| BOTTOM OF THE 4TH |
|
Chicago White Sox batting - Pitching for Boston Red Sox : RHP Justin Whitesack
|
|
Batting: LHB Angel Tellez
|
0-0: Called Strike 0-1: Foul Ball, location: 2F 0-2: Strikes out swinging
|
|
Batting: RHB Dietmar Warmisch
|
0-0: Ball 1-0: Ball 2-0: Ball 3-0: Called Strike 3-1: Swinging Strike 3-2: Fly out, F7 (Flyball, 7LS, EV 91.9 MPH)
|
|
Batting: LHB Sidney Pedder
|
0-0: Foul Ball, location: 2F 0-1: Ball 1-1: Foul Ball, location: 2F 1-2: Ground out 4-3 (Groundball, 4, EV 83.1 MPH)
|
| Bottom of the 4th over - 0 runs, 0 hits, 0 errors, 0 left on base; Boston 4 - Chicago 1 |
| TOP OF THE 5TH |
|
Boston Red Sox batting - Pitching for Chicago White Sox : LHP Stacy Hootentootin
|
|
Batting: RHB Josh Froyd
|
0-0: Called Strike 0-1: Foul Ball, location: 2F 0-2: Ball 1-2: SINGLE (Line Drive, 78S, EV 103.8 MPH)
|
|
Batting: SHB Marvin Lawrence
|
0-0: Foul Ball, location: 2F 0-1: Ball 1-1: Ball 2-1: Ball 3-1: Base on Balls Josh Froyd to second
|
|
Pitching: RHP Mike Willig
|
|
|
Batting: RHB Jose Diaz
|
0-0: Foul Ball, location: 2F 0-1: Ball 1-1: 3-RUN HOME RUN (Flyball, 7D, EV 93.1 MPH), Distance : 358 ft
|
|
Batting: RHB Roberto Morales
|
0-0: SINGLE (Groundball, 6MD, EV 95.0 MPH)
|
|
Batting: LHB Shoichi Aso
|
0-0: Called Strike 0-1: Ball 1-1: Foul Ball, location: 2F 1-2: Strikes out swinging
|
|
Batting: SHB Greg Shaw
|
0-0: Called Strike 0-1: Foul Ball, location: 2F 0-2: Foul Ball, location: 2F 0-2: Ball 1-2: Foul Ball, location: 2F 1-2: Foul Ball, location: 2F 1-2: Ball 2-2: Foul Ball, location: 2F 2-2: Foul Ball, location: 2F 2-2: Fielders Choice at 2nd, 2-4 (Groundball, 15S, EV 67.5 MPH)
|
|
Batting: RHB Alois Wollf
|
0-0: Called Strike 0-1: DOUBLE (Line Drive, 89D, EV 108.8 MPH) Greg Shaw to third Runner from 3rd tries for Home, SAFE, throw by RF to trailing runner, OUT at third! 9-3-5
|
| Top of the 5th over - 4 runs, 4 hits, 0 errors, 0 left on base; Boston 8 - Chicago 1 |
| BOTTOM OF THE 5TH |
|
Chicago White Sox batting - Pitching for Boston Red Sox : RHP Justin Whitesack
|
|
Batting: RHB Brad Boals
|
0-0: Called Strike 0-1: Foul Ball, location: 2F 0-2: Ball 1-2: Ground out 4-3 (Groundball, 6M, EV 83.1 MPH)
|
|
Batting: RHB Jon Solano
|
0-0: Ball 1-0: Foul Ball, location: 2F 1-1: Called Strike 1-2: Fly out, F9 (Flyball, 9D, EV 100.6 MPH)
|
|
Batting: SHB Bartholomeu Chambino
|
0-0: Foul Ball, location: 2F 0-1: Ball 1-1: Ball 2-1: Ball 3-1: Called Strike 3-2: Foul Ball, location: 2F 3-2: Foul Ball, location: 2F 3-2: Foul Ball, location: 2F 3-2: Foul Ball, location: 2F 3-2: Foul Ball, location: 2F 3-2: Strikes out swinging
|
| Bottom of the 5th over - 0 runs, 0 hits, 0 errors, 0 left on base; Boston 8 - Chicago 1 |
| TOP OF THE 6TH |
|
Boston Red Sox batting - Pitching for Chicago White Sox : RHP Mike Willig
|
|
Batting: LHB Kevin McCormic Jr.
|
0-0: Called Strike 0-1: Swinging Strike 0-2: Ball 1-2: Foul Ball, location: 2F 1-2: Foul Ball, location: 2F 1-2: Ball 2-2: Strikes out swinging
|
|
Batting: RHB David Price Jr.
|
0-0: Foul Ball, location: 2F 0-1: Ball 1-1: Ball 2-1: Fly out, F5 (Line Drive, 56, EV 70.0 MPH)
|
|
Batting: RHB Josh Froyd
|
0-0: Foul Ball, location: 2F 0-1: Foul Ball, location: 2F 0-2: Foul Ball, location: 2F 0-2: Foul Ball, location: 2F 0-2: Ball 1-2: Ground out 4-3 (Groundball, 4M, EV 85.0 MPH)
|
| Top of the 6th over - 0 runs, 0 hits, 0 errors, 0 left on base; Boston 8 - Chicago 1 |
| BOTTOM OF THE 6TH |
|
Chicago White Sox batting - Pitching for Boston Red Sox : RHP Justin Whitesack
|
|
Batting: SHB Alfie Bungledorf
|
0-0: Called Strike 0-1: Ball 1-1: Foul Ball, location: 2F 1-2: Ball 2-2: Fly out, F6 (Line Drive, 6, EV 71.2 MPH)
|
|
Pitching: RHP Graham Jackson
|
|
|
Batting: LHB Randy Rosenberry
|
0-0: Foul Ball, location: 2F 0-1: Foul Ball, location: 2F 0-2: Ball 1-2: Foul Ball, location: 2F 1-2: Foul Ball, location: 2F 1-2: Ball 2-2: Ball 3-2: Base on Balls
|
|
Batting: SHB Gus Berry
|
0-0: Ball 1-0: Ball 2-0: Called Strike 2-1: Called Strike 2-2: Ball 3-2: Strikes out looking
|
|
Batting: LHB Angel Tellez
|
0-0: Ball 1-0: Ball 2-0: DOUBLE (Groundball, 3D, EV 93.8 MPH) Randy Rosenberry to third Runner from 3rd tries for Home, SAFE, throw by RF to home
|
|
Batting: RHB Dietmar Warmisch
|
0-0: Ball 1-0: Ball 2-0: Foul Ball, location: 2F 2-1: 2-RUN HOME RUN (Line Drive, 7D, EV 95.6 MPH), Distance : 378 ft
|
|
Pitching: RHP John Jordan
|
|
|
Batting: LHB Sidney Pedder
|
0-0: Ground out 5-3 (Groundball, 5, EV 105.0 MPH)
|
| Bottom of the 6th over - 3 runs, 2 hits, 0 errors, 0 left on base; Boston 8 - Chicago 4 |
| TOP OF THE 7TH |
|
Boston Red Sox batting - Pitching for Chicago White Sox : RHP Mike Willig
|
|
Pitching: LHP Josh Vaca
|
|
|
Batting: SHB Marvin Lawrence
|
0-0: Ball 1-0: Ground out 6-3 (Groundball, 6, EV 91.2 MPH)
|
|
Batting: RHB Jose Diaz
|
0-0: Ball 1-0: Ball 2-0: Called Strike 2-1: Foul Ball, location: 2F 2-2: Strikes out swinging
|
|
Batting: RHB Roberto Morales
|
0-0: Ball 1-0: Foul Ball, location: 2F 1-1: Foul Ball, location: 2F 1-2: Fly out, F7 (Flyball, 7LS, EV 90.6 MPH)
|
| Top of the 7th over - 0 runs, 0 hits, 0 errors, 0 left on base; Boston 8 - Chicago 4 |
| BOTTOM OF THE 7TH |
|
Chicago White Sox batting - Pitching for Boston Red Sox : RHP John Jordan
|
|
Batting: RHB Brad Boals
|
0-0: Ball 1-0: Ball 2-0: SINGLE (Groundball, 6MS, EV 69.4 MPH) (infield hit)
|
|
Batting: RHB Jon Solano
|
0-0: Called Strike 0-1: Ball 1-1: Ball 2-1: Ball 3-1: Base on Balls Brad Boals to second
|
|
Batting: SHB Bartholomeu Chambino
|
0-0: Called Strike 0-1: Ball 1-1: Swinging Strike 1-2: Ball 2-2: Foul Ball, location: 2F 2-2: Strikes out swinging
|
|
Batting: SHB Alfie Bungledorf
|
0-0: Ball Brad Boals is caught stealing 3rd base 2-5 Jon Solano to second 1-0: Ball 2-0: Foul Ball, location: 2F 2-1: Foul Ball, location: 2F 2-2: Ball 3-2: Foul Ball, location: 2F 3-2: Foul Ball, location: 2F 3-2: Foul Ball, location: 2F 3-2: Strikes out swinging
|
| Bottom of the 7th over - 0 runs, 1 hit, 0 errors, 1 left on base; Boston 8 - Chicago 4 |
| TOP OF THE 8TH |
|
Boston Red Sox batting - Pitching for Chicago White Sox : LHP Josh Vaca
|
|
Batting: LHB Shoichi Aso
|
0-0: Called Strike 0-1: Foul Ball, location: 2F 0-2: Ball 1-2: Fly out, F9 (Flyball, 9LM, EV 91.2 MPH)
|
|
Batting: SHB Greg Shaw
|
0-0: Ground out 6-3 (Groundball, 6, EV 91.2 MPH)
|
|
Batting: RHB Alois Wollf
|
0-0: Ball 1-0: Swinging Strike 1-1: Ball 2-1: Ball 3-1: SINGLE (Line Drive, 56D, EV 95.6 MPH)
|
|
Batting: LHB Kevin McCormic Jr.
|
0-0: Ground out U3 (Groundball, 3, EV 84.4 MPH)
|
| Top of the 8th over - 0 runs, 1 hit, 0 errors, 1 left on base; Boston 8 - Chicago 4 |
| BOTTOM OF THE 8TH |
|
Chicago White Sox batting - Pitching for Boston Red Sox : RHP John Jordan
|
|
Pitching: RHP Jaime Dunning
|
|
|
Now in LF: Jose Diaz
|
|
|
Now in CF: Nick Esteves
|
|
|
Now in RF: Shoichi Aso
|
|
|
Batting: LHB Randy Rosenberry
|
0-0: Ball 1-0: Foul Ball, location: 2F 1-1: Foul Ball, location: 2F 1-2: Ball 2-2: Ball 3-2: Foul Ball, location: 2F 3-2: Foul Ball, location: 2F 3-2: Foul Ball, location: 2F 3-2: Fly out, F7 (Flyball, 7D, EV 98.8 MPH)
|
|
Batting: SHB Gus Berry
|
0-0: Ball 1-0: Ball 2-0: Foul Ball, location: 2F 2-1: Ball 3-1: Base on Balls
|
|
Batting: LHB Angel Tellez
|
0-0: Ball 1-0: Called Strike 1-1: Ball 2-1: Fielders Choice at 2nd, 4-6 (Groundball, 34D, EV 109.4 MPH)
|
|
Batting: RHB Dietmar Warmisch
|
0-0: Ground out 5-3 (Groundball, 5S, EV 86.2 MPH)
|
| Bottom of the 8th over - 0 runs, 0 hits, 0 errors, 1 left on base; Boston 8 - Chicago 4 |
| TOP OF THE 9TH |
|
Boston Red Sox batting - Pitching for Chicago White Sox : LHP Josh Vaca
|
|
Pitching: RHP Ryan Columbo
|
|
|
Batting: RHB David Price Jr.
|
0-0: Called Strike 0-1: Called Strike 0-2: Foul Ball, location: 2F 0-2: Ball 1-2: Ball 2-2: Foul Ball, location: 2F 2-2: Strikes out swinging
|
|
Batting: RHB Josh Froyd
|
0-0: Called Strike 0-1: Swinging Strike 0-2: Foul Ball, location: 2F 0-2: Foul Ball, location: 2F 0-2: Ball 1-2: Strikes out swinging
|
|
Batting: RHB Nick Esteves
|
0-0: Ball 1-0: Ball 2-0: Ball 3-0: Base on Balls
|
|
Pitching: LHP Rhett Beers
|
|
|
Batting: RHB Jose Diaz
|
0-0: Called Strike 0-1: Ball Nick Esteves is caught stealing 2nd base 2-4
|
| Top of the 9th over - 0 runs, 0 hits, 0 errors, 0 left on base; Boston 8 - Chicago 4 |
| BOTTOM OF THE 9TH |
|
Chicago White Sox batting - Pitching for Boston Red Sox : RHP Jaime Dunning
|
|
Pitching: RHP Guadalupe Vasguez
|
|
|
Batting: LHB Sidney Pedder
|
0-0: Ball 1-0: Foul Ball, location: 2F 1-1: Swinging Strike 1-2: Ball 2-2: Foul Ball, location: 2F 2-2: Ball 3-2: Strikes out swinging
|
|
Batting: RHB Brad Boals
|
0-0: Foul Ball, location: 2F 0-1: Ball 1-1: Foul Ball, location: 2F 1-2: Strikes out swinging
|
|
Batting: RHB Jon Solano
|
0-0: Foul Ball, location: 2F 0-1: SINGLE (Groundball, 4M, EV 85.0 MPH) (infield hit)
|
|
Batting: SHB Bartholomeu Chambino
|
0-0: SINGLE (Groundball, 34S, EV 71.2 MPH) (infield hit) Jon Solano to second
|
|
Batting: SHB Alfie Bungledorf
|
0-0: Ball 1-0: SINGLE (Line Drive, 7S, EV 94.4 MPH) Jon Solano to third Bartholomeu Chambino to second
|
|
Batting: LHB Randy Rosenberry
|
0-0: Called Strike 0-1: Ball 1-1: Ball 2-1: Ball 3-1: Foul Ball, location: 2F 3-2: Strikes out looking
|
| Bottom of the 9th over - 0 runs, 3 hits, 0 errors, 3 left on base; Boston 8 - Chicago 4 |
|